 Dungeon Crawl Stone Soup version 0.25.1-8-g42b30a86e7 (webtiles) character file.

Game seed: 15435011566048620529

240 sahdkjhfkaj the Chopper (level 5, -1/43 HPs)
             Began as a Minotaur Chaos Knight on Dec 3, 2020.
             Was a Plaything of Xom.
             Slain by a killer bee (6 damage)
             ... on level 3 of the Dungeon.
             The game lasted 00:09:18 (3962 turns).

sahdkjhfkaj the Chopper (Minotaur Chaos Knight)     Turns: 3962, Time: 00:09:18

Health: -1/43      AC:  7    Str: 17    XL:     5   Next: 80%
Magic:  4/4        EV: 11    Int:  9    God:    Xom [......]
Gold:   165        SH:  4    Dex: 10    Spells: 4/4 levels left

rFire    . . .     SeeInvis .   a - +0 hand axe (vorpal)
rCold    . . .     Gourm    .   h - +0 buckler
rNeg     . . .     Faith    +   b - +2 leather armour
rPois    .         Spirit   .   (helmet restricted)
rElec    .         Reflect  .   (no cloak)
rCorr    .         Harm     .   (no gloves)
MR       .....                  (no boots)
Stlth    +.........             j - amulet of faith
HPRegen  0.14/turn              (no ring)
MPRegen  0.09/turn              (no ring)

@: lethally poisoned (-1 -> -7), cleaving
A: retaliatory headbutt, horns 2, thin metallic scales 1, frail 1
a: Renounce Religion


You were on level 3 of the Dungeon.
You worshipped Xom.
You were a very special plaything of Xom.
You were not hungry.

You visited 1 branch of the dungeon, and saw 4 of its levels.

You collected 165 gold pieces.

Inventory:

Hand Weapons
 a - a +0 vorpal hand axe (weapon)
Armour
 b - a +2 leather armour (worn)
 h - a +0 buckler (worn)
Jewellery
 j - an amulet of faith (around neck)
Wands
 n - a wand of polymorph (1)
Scrolls
 c - a scroll of noise {!r, unknown}
 d - a scroll of teleportation {!r}
 e - a scroll of identify {!r}
 g - a scroll of enchant armour {!r, unknown}
 i - 2 scrolls of remove curse {!r}
 k - a scroll of blinking {!r}
 l - a scroll of immolation {!r, unknown}
 m - a scroll of fog {!r, unknown}
Potions
 o - 2 potions of resistance {!q}
Comestibles
 f - 5 rations


   Skills:
 - Level 5.0 Fighting
 - Level 6.0 Axes
 - Level 3.0 Armour
 - Level 2.0 Dodging
 + Level 2.5 Shields


You had 4 spell levels left.
You didn't know any spells.
Your spell library contained the following spells:

 Spells                   Type           Power        Failure   Level  Hunger
 Animate Skeleton         Necr           N/A          52%         1    ##.....
 Apportation              Tloc           #.....       52%         1    ##.....
 Corona                   Hex            #......      52%         1    ##.....
 Summon Small Mammal      Summ           #...         52%         1    ##.....


Dungeon Overview and Level Annotations

Branches:
Dungeon (4/15)
 Temple: D:4-7

Altars:
Gozag

Shops:
D:4 =

Annotations:
D:3 killer bee!!!
D:4 Pikel


Innate Abilities, Weirdness & Mutations

You reflexively headbutt those who attack you in melee.
You have a pair of horns on your head.
You are partially covered in thin metallic scales. (AC +2)
You are frail. (-10% HP)


Message History

The killer bee is severely wounded.
The killer bee stings you but does no damage.
The killer bee closely misses you.
Unknown command.
You barely miss the killer bee.
The killer bee is severely wounded.
You feel sick. The killer bee barely misses you.
The killer bee stings you but does no damage.
Unknown command.
You closely miss the killer bee.
The killer bee is severely wounded.
The killer bee barely misses you. x2
You closely miss the killer bee.
You headbutt the killer bee, but do no damage.
The killer bee is severely wounded.
The killer bee stings you.
* * * LOW HITPOINT WARNING * * *
You are lethally poisoned!
The killer bee poisons you! The killer bee stings you.
You die...

###.......#.#.#
#.!...##.##.# # #....
#.$...##.##.# #......
#.>...##.##.# ......
#.....##.##.#.# #...#
#........<....#
#...####.#.###.###.###
#........#.###.###.#
#(.#.....#..y@.....#
#........#..##.#####
#...........##.#
#)#............#
####.##........####
..........>.....#
........###.###.#
.....##.......#.#
...#.##.###.#.#.#


You could see a killer bee.

Vanquished Creatures
  A hound (D:1)
  Ijyb (D:4)
  3 adders
  2 gnolls (D:3)
  An adder skeleton (D:4)
  3 worms
  4 dart slugs
  A leopard gecko (D:2)
  9 orcs
  5 bats
  3 giant cockroaches
  4 goblins
  2 hobgoblins (D:2)
  3 jackals (D:2)
  2 quokkas
  4 ball pythons
  4 frilled lizards
  5 kobolds
  5 rats
62 creatures vanquished.

Vanquished Creatures (collateral kills)
  A sky beast (D:4)
1 creature vanquished.

Vanquished Creatures (others)
  A quokka skeleton (D:4)
1 creature vanquished.

Grand Total: 64 creatures vanquished

Notes
Turn   | Place    | Note
-------+----------+-------------------------------------------
     0 | D:1      | sahdkjhfkaj the Minotaur Chaos Knight began the quest for
                  | the Orb.
     0 | D:1      | Reached XP level 1. HP: 19/19 MP: 0/0
   170 | D:1      | Reached skill level 4 in Axes
   215 | D:1      | Reached XP level 2. HP: 27/27 MP: 1/1
   228 | D:1      | Reached skill level 1 in Shields
   278 | D:1      | XOM: 3-stop teleportation journey
   857 | D:2      | XOM: divination: detect items
   873 | D:2      | XOM: silly message
   879 | D:2      | XOM: summons 2 friendly demons
   882 | D:1      | XOM: polymorph iguana -> hound
   884 | D:1      | Reached XP level 3. HP: 8/33 MP: 2/2
  1137 | D:2      | XOM: confusion (+ monsters)
  1239 | D:2      | XOM: 8-stop teleportation journey
  1342 | D:2      | XOM: 1-stop teleportation journey
  1372 | D:2      | Reached skill level 5 in Axes
  1372 | D:2      | Reached XP level 4. HP: 31/40 MP: 3/3
  1581 | D:2      | XOM: summons 3 hostile demons
  1595 | D:2      | XOM: give mutations
  1595 | D:2      | Gained mutation: You are partially covered in thin metallic
                  | scales. (AC +2) [Xom's mischief]
  1595 | D:2      | Gained mutation: Your body sometimes deteriorates upon
                  | taking damage. [Xom's mischief]
  1595 | D:2      | Lost mutation: Your body sometimes deteriorates upon taking
                  | damage. [Xom's mischief]
  1668 | D:2      | XOM: 2-stop teleportation journey
  1990 | D:2      | Found an opulent altar of Gozag.
  2232 | D:2      | XOM: silly message
  2696 | D:3      | Reached XP level 5. HP: 46/46 MP: 4/4
  2714 | D:3      | XOM: polymorph gnoll -> killer bee
  2718 | D:3      | XOM: silly message
  2757 | D:2      | XOM: give mutation
  2757 | D:2      | Gained mutation: You are frail. (-10% HP) [Xom's mischief]
  2879 | D:3      | XOM: 1-stop teleportation journey
  2889 | D:2      | Reached skill level 6 in Axes
  2951 | D:2      | XOM: cloud trail
  3065 | D:4      | Noticed a sky beast
  3098 | D:4      | HP: 2/41 [sky beast (6)]
  3178 | D:4      | XOM: summons 3 hostile shadow creatures
  3179 | D:4      | Noticed an ogre
  3193 | D:4      | Found Feum's Jewellery Emporium.
  3588 | D:4      | Noticed Ijyb
  3599 | D:4      | Killed Ijyb
  3758 | D:4      | XOM: summons 5 friendly demons
  3765 | D:4      | Killed a sky beast
  3765 | D:4      | Reached skill level 5 in Fighting
  3766 | D:4      | XOM: summons 4 hostile shadow creatures
  3879 | D:4      | Noticed Pikel
  3879 | D:4      | Noticed a slave
  3879 | D:4      | XOM: cleaving
  3880 | D:4      | Pikel changed into something unseen
  3881 | D:4      | Noticed Pikel
  3882 | D:4      | Noticed Pikel
  3882 | D:4      | Pikel the fire crab changed into Pikel the elephant
  3884 | D:4      | XOM: fog
  3894 | D:4      | XOM: summons friendly quasit
  3896 | D:4      | XOM: destruction
  3902 | D:4      | Noticed Pikel
  3902 | D:4      | Pikel the elephant changed into Pikel the manticore
  3902 | D:4      | XOM: polymorph Pikel the elephant -> Pikel the manticore
  3953 | D:3      | XOM: repel stairs
  3962 | D:3      | Slain by a killer bee

Illustrated notes

Levels and vault maps discovered:
D:1:      minmay_arrival_five_plusses, layout_basic, interstate_on_off,
          nrook_mini_vaults
D:2:      layout_loops_corners, lemuel_doored_altar, serial_forest,
          infiniplex_forest_lined_2, infiniplex_forest_straight_3,
          infiniplex_forest_corner_1, infiniplex_forest_end_2,
          infiniplex_forest_clump_medium, infiniplex_forest_clump_curved,
          grunt_ministairs_3
D:3:      layout_loops_cross, led_xom_imps
D:4:      layout_cave_pods, serial_shops, nicolae_shop_stone, uniq_ijyb,
          uniq_pikel

Skill      XL: |  1  2  3  4  5 |
---------------+----------------+-----
Axes           | 4 5 6 |  6.0
Fighting       | 4 5 |  5.0
Shields        | 1 2 |  2.5
Armour         | 3 |  3.0
Dodging        | 2 |  2.0

Action                   |  1- 3 |  4- 6 || total
-------------------------+-------+-------++-------
Melee: Hand axe          |    56 |   131 ||   187
       Headbutt          |    10 |    29 ||    39
       Unarmed           |       |     1 ||     1
Evoke: Wand              |       |     3 ||     3
  Use: Scroll            |     1 |     5 ||     6
       Potion            |     1 |       ||     1
 Stab: Confused          |     1 |       ||     1
  Eat: Chunk             |     1 |     6 ||     7
       Ration            |       |     1 ||     1
Armor: Leather armour    |    14 |    52 ||    66
Dodge: Dodged            |    27 |    80 ||   107
Block: Buckler           |     6 |    21 ||    27
